 Dungeon Crawl Stone Soup version 0.30.1-3-gfc49f6343a (webtiles) character file.

Game seed: 10837682527979081091

2408 Zeor the Magician (level 9, -1/65 HPs)
             Began as a Demonspawn Reaver on Aug 9, 2023.
             Was a Follower of Vehumet.
             Engulfed by a cloud of flame (26 damage)
             ... on level 7 of the Dungeon.
             The game lasted 00:30:16 (7856 turns).

Zeor the Magician (Demonspawn Reaver)               Turns: 7856, Time: 00:30:17

Health: -1/65      AC: 11    Str: 14    XL:     9   Next: 23%
Magic:  21/27      EV: 11    Int: 18    God:    Vehumet [*.....]
Gold:   485        SH:  0    Dex: 13    Spells: 8/21 levels left

rFire   . . .        a - +1 falchion (flame)
rCold   . . .        (no shield)
rNeg    . . .        C - +0 swamp dragon scales
rPois   +            x - +0 helmet
rElec   .            g - +1 cloak
rCorr   .            (no gloves)
SInv    .            (no boots)
Will    .....        (no amulet)
Stlth   +            w - ring of wizardry
HPRegen 0.30/turn    b - ring of magical power
MPRegen 0.20/turn

%: wizardry (x1)
@: mighty
A: foul stench 1, powered by pain 2, big brain 1, demonic touch 2
a: Renounce Religion


You were on level 7 of the Dungeon.
You worshipped Vehumet.
Vehumet was aware of your devotion.
You visited 2 branches of the dungeon, and saw 8 of its levels.
You also visited: Sewer.

You collected 485 gold pieces.

Inventory:

Hand Weapons
 a - a +1 falchion of flaming (weapon)
 q - a +0 antimagic glaive
 z - a +0 falchion
 B - a +0 scimitar
Missiles
 o - 18 poisoned darts
 v - 8 javelins
 F - a curare-tipped dart
Armour
 g - a +1 cloak (worn)
 s - a +1 robe of fire resistance
 x - a +0 helmet (worn)
 C - +0 swamp dragon scales (worn)
Jewellery
 b - a ring of magical power (right hand)
 n - a ring of willpower
 w - a ring of wizardry (left hand)
 y - a ring of see invisible
 A - a ring of ice
 H - a +4 ring of protection
Wands
 p - a wand of acid (7)
Scrolls
 i - 3 scrolls of vulnerability
 k - 5 scrolls of teleportation
 t - a scroll of poison
 u - a scroll of magic mapping
 D - a scroll of identify
 E - a scroll of enchant weapon
 G - a scroll of fog
Potions
 c - a potion of resistance
 d - a potion of mutation
 e - a potion of berserk rage
 f - a potion of degeneration {unknown}
 h - 2 potions of brilliance
 j - 3 potions of flight
 l - a potion of haste
 m - 2 potions of curing


   Skills:
 + Level 4.0 Fighting
 + Level 5.1 Long Blades
 * Level 4.2 Armour
 + Level 3.1 Dodging
 * Level 6.5 Spellcasting
 * Level 5.8 Conjurations
 + Level 0.3 Necromancy
 + Level 1.7 Translocations
 + Level 0.2 Transmutations
 + Level 0.3 Ice Magic
 + Level 1.8 Earth Magic
 + Level 0.1 Poison Magic


You had 8 spell levels left.
You knew the following spells:

 Your Spells              Type           Power      Damage    Failure   Level
a - Kiss of Death         Conj/Necr      68%        2d10      2%          1
b - Momentum Strike       Conj/Tloc      38%        3d9       2%          2
c - Hailstorm             Conj/Ice       17%        3d6       8%          3
d - Sting                 Tmut/Pois      24%        1d4       9%          1
e - Stone Arrow           Conj/Erth      38%        3d9       5%          3
f - Passwall              Tmut/Erth      7%         N/A       9%          2
g - Freeze                Ice            28%        1d5       8%          1

Your spell library contained the following spells:

 Spells                   Type           Power      Damage    Failure   Level
 Sandblast                Erth           24%        2d8       4%          1
 Lesser Beckoning         Tloc           24%        N/A       6%          2
 Gell's Gravitas          Tloc           12%        N/A       12%         3
 Teleport Other           Tloc           12%        N/A       12%         3
 Poisonous Vapours        Pois/Air       12%        N/A       13%         2
 Olgreb's Toxic Radiance  Pois           6%         N/A       58%         4


Dungeon Overview and Level Annotations

Branches:
Dungeon (7/15)             Temple (1/1) D:4           Sewer (visited)

Altars:
Cheibriados
Fedhas
Gozag
Hepliaklqana
Kikubaaqudgha
Makhleb
Nemelex Xobeh
Okawaru
Qazlal
Ru
Sif Muna
Uskayaw
Vehumet
Wu Jian
Yredelemnul

Shops:
D:1 *   D:6 [

Annotations:
D:7 3 runed translucent doors, jujuben's ghost, novice TeSu


Innate Abilities, Weirdness & Mutations

You may rarely emit foul miasma when damaged in melee.
You sometimes gain power by taking damage.
You have an unusually large brain. (Int +2)
Your touch may inflict irresistible damage on your foes.


Message History

Flame seeps out of the two-headed ogre.
Something hits you. Something hits you but does no damage.
The komodo dragon bites you but does no damage.
Something hits you!
The vampire is engulfed in blazing flames.
Flame seeps out of the vampire.
Casting: Hailstorm (dangerous; 8% risk of failure)
Confirm with . or Enter, or press ? or * to list all spells.
Casting: Hailstorm (dangerous; 8% risk of failure)
Press: ? - help, Dir - look around, f - activate A cannonade of hail descends around you!
The hail pelts the two-headed ogre!
Flame seeps out of the two-headed ogre.
The two-headed ogre is severely wounded.
The hail pelts the vampire!
The vampire partially resists.
Flame seeps out of the vampire.
The vampire is almost destroyed.
The hail pelts the two-headed ogre!
Flame seeps out of the two-headed ogre.
The two-headed ogre is moderately wounded.
The hail pelts the centaur!
Vehumet accepts your kill.
The centaur explodes!
The fiery explosion engulfs the vampire!!
Vehumet accepts your kill.
The fiery explosion engulfs the two-headed ogre!!
Vehumet accepts your kill. x2
You feel a bit more experienced.
You hear an explosion!
The fiery explosion engulfs the komodo dragon!!!
Vehumet accepts your kill. x2
You feel a bit more experienced.
You hear an explosion!
The komodo dragon explodes!
The fiery explosion engulfs you!
You focus on the pain.
You feel very mighty all of a sudden.
The two-headed ogre explodes!
The vampire explodes!
The fiery explosion engulfs the two-headed ogre!!
Flame seeps out of the two-headed ogre.
The two-headed ogre is severely wounded.
You are engulfed in blazing flames.
You die... ∙▒▒▒▒∙▒∙∙∙ ▒∙ ▒[∙▒▒∙†▒∙▒∙∙∙▒▒∙∙∙ ▒▒ ▒∙▒▒▒■▒ ▒▒▒■▒▒▒▒▒■▒▒▒∙∙∙▒▒∙∙∙ ▒ ▒∙▒ ▒∙∙∙∙∙▒ ▒∙▒∙▒▒∙∙∙ ∙∙ ▒∙▒ ▒∙[)}∙▒ ▒∙▒∙▒▒∙∙∙ ∙▒ ▒∙■ ■∙##[∙■ ■∙∙∙▒▒∙∙∙ ▒ ▒∙▒ ▒##°}∙ ∙∙∙∙∙∙∙∙ ▒∙▒ O°○o

∙∙∙▒∙∙∙∙ ▒∙▒ ▒▒▒#▒▒▒ ▒■▒
∙∙∙∙▒▒∙∙ ▒∙#∙6∙▒▒∙∙
▒∙▒∙∙▒∙▒∙
▒∙▒▒▒∙▒∙▒▒▒∙▒∙▒∙∙∙▒∙▒
■∙▒[▒∙'▒)∙∙▒■∙▒∙∙∙∙▒▒
▒∙▒∙▒∙▒∙▒▒▒▒▒∙▒∙∙∙∙▒∙
▒∙∙∙∙∙▒▒∙∙∙▒▒∙▒∙∙∙∙∙▒
▒▒■▒▒▒▒▒'▒▒▒▒▒'▒▒▒∙▒∙∙∙∙∙∙
∙∙∙∙∙∙∙∙∙†∙∙∙∙∙∙∙∙∙▒∙∙∙∙∙∙
∙▒▒▒▒▒▒▒▒▒▒∙∙∙∙∙∙∙∙∙∙∙∙∙∙∙
▒▒▒▒▒▒▒▒▒▒∙∙∙∙∙∙


You could see a two-headed ogre (inner flame).

Vanquished Creatures
  A two-headed ogre (D:7)
  Maggie (D:6)
  A komodo dragon (D:7)
  A slime creature (D:7)
  A vampire (D:7)
  A vampire mosquito (D:7)
  2 orc warriors (D:7)
  A sky beast (D:7)
  2 black bears
  An ogre (D:7)
  2 centaurs (D:7)
  A phantom (D:5)
  A kobold brigand (D:7)
  7 bullfrogs
  2 howler monkeys (D:7)
  3 hounds
  2 orc priests (D:5)
  A jelly (D:4)
  7 iguanas
  An orc wizard (D:5)
  9 adders
  13 gnolls
  2 river rats (D:3)
  2 shadow imps (D:5)
  2 white imps
  An ufetubus (D:6)
  A worm (D:2)
  A dart slug (D:4)
  10 orcs
  10 ball pythons
  10 endoplasms
  15 giant cockroaches
  4 goblins
  5 hobgoblins
  5 jackals (D:5)
  6 quokkas
  7 bats
  10 frilled lizards
  12 kobolds
  12 rats
176 creatures vanquished.

Notes
Turn   | Place    | Note
-------+----------+-------------------------------------------
     0 | D:1      | Zeor the Demonspawn Reaver began the quest for the Orb.
     0 | D:1      | Reached XP level 1. HP: 16/16 MP: 3/3
    46 | D:1      | Found Dahik's Assorted Antiques.
   169 | D:1      | Gained mutation: You sometimes gain a little power by
                  | taking damage. [demonic ancestry]
   169 | D:1      | Reached XP level 2. HP: 20/22 MP: 5/5
   660 | D:1      | Learned a level 2 spell: Momentum Strike
   711 | D:2      | Gained mutation: You sometimes gain power by taking damage.
                  | [demonic ancestry]
   711 | D:2      | Reached XP level 3. HP: 27/27 MP: 6/6
  1110 | D:2      | Reached skill level 1 in Armour
  1245 | D:2      | Gained mutation: Your touch may inflict minor irresistible
                  | damage on your foes. [demonic ancestry]
  1245 | D:2      | Reached XP level 4. HP: 25/32 MP: 4/7
  1323 | D:2      | Learned a level 3 spell: Hailstorm
  1465 | D:2      | Found a faded altar of an unknown god.
  1780 | D:3      | Noticed a black bear
  1784 | D:3      | Killed a black bear
  1785 | D:3      | Gained mutation: You have an unusually large brain. (Int
                  | +2) [demonic ancestry]
  1785 | D:3      | Reached XP level 5. HP: 34/41 MP: 1/9
  1868 | D:3      | Reached skill level 3 in Spellcasting
  1886 | D:3      | Found a glowing drain.
  1903 | Sewer    | Entered a sewer
  1963 | Sewer    | Reached skill level 1 in Translocations
  2229 | Sewer    | Reached XP level 6. HP: 21/45 MP: 8/11
  2644 | D:3      | Learned a level 1 spell: Sting
  2742 | D:3      | Found a sparkling altar of Nemelex Xobeh.
  3242 | D:4      | Found a staircase to the Ecumenical Temple.
  3247 | Temple   | Entered the Ecumenical Temple
  3405 | Temple   | Became a worshipper of Vehumet
  4027 | D:4      | Found a shimmering blue altar of Sif Muna.
  4184 | D:5      | Entered Level 5 of the Dungeon
  4218 | D:5      | Gained mutation: Your touch may inflict irresistible damage
                  | on your foes. [demonic ancestry]
  4218 | D:5      | Reached XP level 7. HP: 35/49 MP: 4/12
  4547 | D:5      | Reached skill level 4 in Spellcasting
  4607 | D:5      | Learned a level 3 spell: Stone Arrow
  5398 | D:5      | Found a sacrificial altar of Ru.
  5399 | D:5      | Found a hazy altar of Hepliaklqana.
  5700 | D:6      | Learned a level 2 spell: Passwall
  5953 | D:6      | Found Lis Eblu's Antique Armour Shoppe.
  6216 | D:6      | Noticed Maggie
  6217 | D:6      | Gained mutation: You may rarely emit foul miasma when
                  | damaged in melee. [demonic ancestry]
  6217 | D:6      | Reached XP level 8. HP: 60/60 MP: 11/15
  6220 | D:6      | Killed Maggie
  6221 | D:6      | Reached skill level 5 in Spellcasting
  6711 | D:6      | Reached skill level 5 in Conjurations
  6882 | D:7      | Reached skill level 5 in Long Blades
  7042 | D:7      | Reached * piety under Vehumet
  7042 | D:7      | Offered knowledge of Freeze by Vehumet.
  7114 | D:7      | Found a runed translucent gate.
  7115 | D:7      | Noticed jujuben's ghost (novice TeSu)
  7116 | D:7      | Found a runed translucent gate.
  7116 | D:7      | Found a runed translucent gate.
  7179 | D:7      | Noticed a slime creature
  7184 | D:7      | Killed a slime creature
  7251 | D:7      | Reached skill level 6 in Spellcasting
  7251 | D:7      | Reached skill level 1 in Earth Magic
  7295 | D:7      | Reached XP level 9. HP: 60/60 MP: 18/18
  7551 | D:7      | Learned a level 1 spell: Freeze
  7851 | D:7      | Noticed a two-headed ogre
  7851 | D:7      | Noticed a two-headed ogre
  7851 | D:7      | Noticed a komodo dragon
  7856 | D:7      | Killed a two-headed ogre
  7856 | D:7      | Killed a komodo dragon
  7856 | D:7      | Engulfed by a cloud of flame

Illustrated notes

Levels and vault maps discovered:
D:1:      dpeg_arrival_pits, layout_basic, serial_shops, nicolae_shop_stone
D:2:      layout_basic, ebering_ecumenical_altar_petrified
D:3:      layout_basic, nicolae_overflow_squiral, portal_sewer_entry_e,
          st_stairs_2
D:4:      layout_basic, lemuel_blue_sif_altar, minmay_temple_entry_arrows,
          serial_glass, glass_columns_c, glass_columns_b, glass_columns_b,
          glass_columns_a, glass_columns_b, minmay_strange_pillars,
          due_unseen_surprise, minivault_4
D:5:      layout_loops_corners, gammafunk_temple_overflow_statue
D:6:      layout_basic, serial_shops, nicolae_take_the_stairs, uniq_maggie
D:7:      minmay_the_grid_square_5x5_3x3 [minmay_the_grid_square_5x5_spiral,
          minmay_the_grid_square_5x5_minivault,
          minmay_the_grid_square_5x5_n_small,
          minmay_the_grid_square_5x5_tri_point,
          minmay_the_grid_square_5x5_megaprize_open,
          minmay_the_grid_square_5x5_three_walls,
          minmay_the_grid_square_5x5_minimal,
          minmay_the_grid_square_5x5_minibox,
          minmay_the_grid_square_5x5_six_small], layout_basic,
          gammafunk_ghost_split, nrook_campfire, minmay_misc_feat_secret_circle,
          grunt_ministairs_7
Temple:   hellmonk_temple_forest_ring

Skill      XL: |  1  2  3  4  5  6  7  8  9 |
---------------+----------------------------+-----
Long Blades    | 3 4 5 |  5.1
Dodging        | 2 3 |  3.1
Armour         | 1 2 3 4 |  4.2
Fighting       | 3 4 |  4.0
Spellcasting   | 3 4 6 |  6.5
Translocations | 1 |  1.7
Conjurations   | 4 5 |  5.8
Earth Magic    | 1 |  1.8
Necromancy     | |  0.3
Transmutations | |  0.2
Ice Magic      | |  0.3
Poison Magic   | |  0.1

Action                     |  1- 3 |  4- 6 |  7- 9 || total
---------------------------+-------+-------+-------++-------
  Melee: Falchion          |    83 |   175 |   136 ||   394
         Touch             |       |    29 |    13 ||    42
         Punch             |       |     1 |     2 ||     3
   Cast: Momentum Strike   |     9 |    17 |    27 ||    53
         Kiss of Death     |     1 |     3 |     3 ||     7
         Sting             |       |     2 |     4 ||     6
         Hailstorm         |       |     1 |    10 ||    11
         Stone Arrow       |       |       |    29 ||    29
         Passwall          |       |       |     2 ||     2
    Use: Scroll            |     9 |     6 |     7 ||    22
         Potion            |       |       |     1 ||     1
   Stab: Sleeping          |       |     1 |       ||     1
 Armour: Leather armour    |    25 |    66 |    16 ||   107
         Swamp dragon scal |       |       |    45 ||    45
  Dodge: Dodged            |    57 |   100 |   105 ||   262
